AoeStats
← LeCrispin

Arabia

503797173Analyzed
2v2 RM · 1mo ago on Sep 2, 2026· 24m 41s· 4 players
Game mode
Random Map
Map size
Medium (4 player)
Population
200
Speed
Normal
Resources
Standard
Victory
Conquest
Starting age
Dark Age
Ending age
Imperial Age
RankedLock teamsTeams togetherTeam positionsShared explorationLock speedFull tech treeHidden civsTurbo modeCheats
Victory
Defeat
🇹🇷 Mongols · Türkiye
1052
+12
🇸🇪 Ethiopians · Sweden
867
+20
🇦🇺 Turks · Australia
955
-46
🇳🇿 Franks · New Zealand
955
-46
LeCrispin
12:41 Feudal Age
21:29 Wheelbarrow
jonte.lexmond
13:43 Feudal Age
15:02 Wheelbarrow
aoesweden
11:21 Feudal Age
12:08 Gold Mining
12:04 Double-Bit Axe
15:33 Fletching
15:44 Padded Archer Armor
15:35 Horse Collar
16:34 Loom
17:26 Wheelbarrow
24:19 Castle Age
23:10 Stone Mining
24:25 Crossbowman
25:11 Thumb Ring
25:24 Leather Archer Armor
Immortal The First
9:12 Feudal Age
10:55 Double-Bit Axe
18:21 Castle Age
18:08 Padded Archer Armor
21:47 Gold Mining
24:25 Fletching
Connection lost

Rejoining the realm…

Still unreachable

The connection could not be restored.

Session expired

The server has moved on; the page needs a fresh start.